 Dungeon Crawl Stone Soup version 0.25-a0-294-gea9b1ad378 (console) character file.

Game seed: 14009215268402511689, levelgen mode: deterministic

51 Bikaver the Sneak (level 4, -2/29 HPs)
             Began as a Halfling Assassin on Nov 29, 2019.
             Slain by a worker ant (5 damage)
             ... on level 2 of the Dungeon on Mar 21, 2020.
             The game lasted 00:22:30 (2256 turns).

Bikaver the Sneak (Halfling Assassin)               Turns: 2256, Time: 00:22:31

Health: -2/29      AC:  4    Str:  9 (12) XL:     4   Next: 7%
Magic:  4/4        EV: 14    Int:  8 (9)  God:
Gold:   92         SH:  0    Dex: 15 (16) Spells: 3/3 levels left

rFire    . . .     SeeInvis .   a - +2 dagger
rCold    . . .     Gourm    .   (shield restricted)
rNeg     . . .     Faith    .   b - +0 robe
rPois    .         Spirit   .   (helmet restricted)
rElec    .         Reflect  .   c - +0 cloak
rCorr    .         Harm     .   m - +0 pair of gloves
MR       .....                  (no boots)
Stlth    +++.......             (no amulet)
HPRegen  0.09/turn              (no ring)
MPRegen  0.09/turn              (no ring)

@: lethally poisoned (-2 -> -7)
A: small, horns 1, mutation resistance 1
a: no special abilities


You were on level 2 of the Dungeon.
You were not hungry.

You visited 1 branch of the dungeon, and saw 3 of its levels.

You collected 92 gold pieces.

Inventory:

Hand Weapons
 a - a +2 dagger (weapon)
Missiles
 d - 8 poisoned darts (quivered)
 e - 2 curare-tipped darts
Armour
 b - a +0 robe (worn)
 c - a +0 cloak (worn)
 m - a +0 pair of gloves (worn)
Magical Staves
 j - an uncursed staff of fire
Wands
 o - a wand of flame (11)
Scrolls
 g - a scroll of enchant armour {unknown}
 i - 2 scrolls of teleportation
 l - a scroll of remove curse
 p - a scroll of magic mapping
Potions
 h - a potion of magic
 n - a potion of degeneration
Comestibles
 f - 3 rations
 q - a chunk of flesh


   Skills:
 - Level 1.7 Fighting
 + Level 2.5 Short Blades
 - Level 2.0 Throwing
 - Level 1.1 Dodging
 * Level 6.1 Stealth


You had 3 spell levels left.
You didn't know any spells.
Your spell library was empty.

Dungeon Overview and Level Annotations

Branches:
Dungeon (3/15)

Altars:


Innate Abilities, Weirdness & Mutations

You are small and have problems with some larger weapons.
You are somewhat resistant to further mutation.
You have a pair of small horns on your head.


Message History

It was a potion of mutation.
You feel extremely strange. A pair of horns grows on your head!
The worker ant misses you. The worker ant closely misses you.
Your magic is already full.
It was a potion of degeneration.
There was something very wrong with that liquid.
You feel weakened.
You feel dopey.
You feel clumsy.
* * * LOW HITPOINT WARNING * * *
You feel sick. The worker ant misses you.
You hit the worker ant.
The worker ant is almost dead.
The worker ant misses you.
You barely miss the worker ant. Your headbutt misses the worker ant.
The worker ant is almost dead.
* * * LOW HITPOINT WARNING * * *
You feel sick. The worker ant barely misses you.
You closely miss the worker ant.
The worker ant is almost dead.
The worker ant bites you.
You die...

##### ####...#
.......#### #########
..........#####a@.....#
####............#####.#
#>.###.####.## #.# #.)#
#.###.#.#####.### #..#
#.##.#..........######
#..#
#.#.##.##.....†.<....####
#..#
#..........##............
#..#
###..#.##.####...###.....
#..#
##.#..#......(........##


You could see a worker ant.

Vanquished Creatures
  An ooze (D:1)
  A worm (D:2)
  2 dart slugs
  3 orcs
  6 bats
  A goblin (D:2)
  5 hobgoblins (D:1)
  2 jackals (D:1)
  7 kobolds
  2 frilled lizards (D:2)
  6 rats
36 creatures vanquished.

Notes
Turn   | Place    | Note
-------+----------+-------------------------------------------
     0 | D:1      | Bikaver the Halfling Assassin began the quest for the Orb.
     0 | D:1      | Reached XP level 1. HP: 14/14 MP: 1/1
    96 | D:1      | Reached XP level 2. HP: 6/19 MP: 2/2
   112 | D:1      | Upgraded the game from 0.25-a0-189-gf71692caf1 to
                  | 0.25-a0-294-gea9b1ad378
   188 | D:1      | Reached skill level 5 in Stealth
   861 | D:1      | Reached XP level 3. HP: 24/24 MP: 3/3
  1759 | D:2      | Reached skill level 6 in Stealth
  2061 | D:3      | Reached XP level 4. HP: 27/29 MP: 4/4
  2252 | D:2      | Gained mutation: You have a pair of small horns on your
                  | head. [potion of mutation]
  2256 | D:2      | Slain by a worker ant

Levels and vault maps discovered:
D:1:      nicolae_arrival_somewhat_less_tricky_arrival, layout_basic,
          st_stairs_12, minmay_tetromino_s4
D:2:      layout_loops_ring
D:3:      layout_basic, bloody_trog, first_ration

Skill      XL: |  1  2  3 |
---------------+----------+-----
Stealth        | 5 6 |  6.1
Fighting       | |  1.7
Short Blades   | |  2.5
Throwing       | |  2.0
Dodging        | |  1.1

Action                   |  1- 3 |  4- 6 || total
-------------------------+-------+-------++-------
Melee: Dagger            |   109 |    24 ||   133
Evoke: Wand              |     3 |     1 ||     4
  Use: Scroll            |     7 |       ||     7
       Potion            |       |     3 ||     3
 Stab: Sleeping          |     6 |       ||     6
  Eat: Chunk             |     3 |     1 ||     4
Armor: Robe              |    13 |     3 ||    16
Dodge: Dodged            |    42 |    33 ||    75

Table legend:
 A = Non-vault XP
 B = Vault XP
 C = Vault XP percentage of total XP
 D = Non-vault monster count
 E = Vault monster count
 F = Vault count percentage of total count
                 A         B        C        D         E       F
            +---------+---------+-------+---------+---------+-------
      Total |      70 |       4 |   5.4 |      33 |       3 |   8.3
            +---------+---------+-------+---------+---------+-------
        D:1 |      32 |       4 |  11.1 |      13 |       3 |  18.8
        D:2 |      30 |       0 |   0.0 |      16 |       0 |   0.0
        D:3 |       8 |       0 |   0.0 |       4 |       0 |   0.0
            +---------+---------+-------+---------+---------+-------
